 Dungeon Crawl Stone Soup version 0.29.0-15-g675c0067aa (webtiles) character file.

Game seed: 2510632320662016441

97051 qw the Severer (level 15, -2/223 HPs)
             Began as a Minotaur Berserker on Sept 12, 2022.
             Was a High Priest of Trog.
             Slain by an orc high priest
             ... wielding a +1 vorpal mace
              (3 damage)
             ... on level 2 of the Orcish Mines.
             The game lasted 00:10:20 (31480 turns).

qw the Severer (Minotaur Berserker)                Turns: 31480, Time: 00:10:20

Health: -2/223     AC: 24    Str: 31    XL:     15   Next: 70%
Magic:  14/14      EV: 13    Int:  8    God:    Trog [*****.]
Gold:   2330       SH:  8    Dex: 12    Spells: 14/14 levels left

rFire   + + .      SeeInvis .   z - +8 mithril axe "Arga" {speed, Will+}
rCold   + . .      Faith    .   x - +2 buckler
rNeg    . . .      Spirit   .   t - +2 chain mail {rC+}
rPois   +          Reflect  .   (helmet restricted)
rElec   .          Harm     .   w - +0 cloak
rCorr   +          Rampage  .   e - +2 pair of gloves {Str+3}
Will    +++++                   g - +2 pair of boots
Stlth   ..........              s - amulet "Miviaxe" {RegenMP rF++ rCorr Int+4 Dex-5}
HPRegen 1.47/turn               a - ring of willpower
MPRegen 0.54/turn               o - +6 ring of dexterity

@: berserking, strong-willed (expiring), regenerating (expiring), very quick
A: horns 2, retaliatory headbutt, talons 1, poison resistance
a: Renounce Religion, Berserk, Trog's Hand, Brothers in Arms


You were on level 2 of the Orcish Mines.
You worshipped Trog.
Trog was extremely pleased with you.
You visited 3 branches of the dungeon, and saw 22 of its levels.

You collected 2330 gold pieces.


Innate Abilities, Weirdness & Mutations

You have a pair of horns on your head.
You reflexively headbutt those who attack you in melee.
You have sharp toenails.
Your system is resistant to poisons. (rPois)


   Skills:
 - Level 18.0 Fighting
 - Level 18.0 Axes
 - Level 9.0 Throwing
 + Level 14.4 Armour
 - Level 10.0 Dodging
 - Level 11.0 Shields


You had 14 spell levels left.
You didn't know any spells.
Your spell library was empty.

Inventory:

Hand Weapons
 v - a +1 demon whip of venom
 z - the +8 mithril axe "Arga" (weapon) {speed, Will+}
   (You acquired it on level 13 of the Dungeon)

   Attacks with this weapon are significantly faster.
   Will:      It increases your willpower.
Missiles
 c - 7 boomerangs (quivered)
 u - 2 javelins
Armour
 e - a +2 pair of gloves of strength (worn)
 g - a +2 pair of boots (worn)
 l - a +0 plate armour
 p - +0 ice dragon scales
 t - a +2 chain mail of cold resistance (worn)
 w - a +0 cloak (worn)
 x - a +2 buckler (worn)
 y - the +2 pair of boots of the Sacrificial Victim {Harm Rampage Str+2}
   (You found it on level 4 of the Lair of Beasts)

   Str:       It affects your strength (+2).
   Harm:      It increases damage dealt and taken.
   Rampage:   It bestows one free step when moving towards enemies.
Jewellery
 a - a ring of willpower (left hand)
 d - a ring of fire
 n - a ring of fire
 o - a +6 ring of dexterity (right hand)
 q - an amulet of the acrobat
 s - the amulet "Miviaxe" (around neck) {RegenMP rF++ rCorr Int+4 Dex-5}
   (You acquired it on level 13 of the Dungeon)

   [amulet of magic regeneration]

   It increases your rate of magic regeneration.
   Int:       It affects your intelligence (+4).
   Dex:       It affects your dexterity (-5).
   rF:        It greatly protects you from fire.
   rCorr:     It protects you from acid and corrosion.
Scrolls
 h - 16 scrolls of teleportation
 m - 11 scrolls of identify
Potions
 b - 9 potions of might
 f - 5 potions of mutation
 i - 3 potions of resistance
 j - 6 potions of heal wounds
 k - 10 potions of curing
 r - 2 potions of haste

Dungeon Overview and Level Annotations

Branches:
Dungeon (15/15)            Temple (0/1) D:4            Lair (5/5) D:10
 Shoals (0/4) Lair:2       Spider (0/4) Lair:2        Slime (0/5) Lair:4
    Orc (2/2) D:10            Elf (0/3) Orc:2        Vaults (0/5) D:13
 Depths (0/4) D:15

Altars:
Dithmenos
Elyvilon
Gozag
Nemelex Xobeh
Okawaru
Ru
Uskayaw
Vehumet
Wu Jian
Xom
Zin
The Shining One

Shops:
D:14 *   Orc:2 [

Portals:
Trove: D:10 (give 2 scrolls of acquirement)

Annotations:
D:11 3 runed translucent doors, Texkoz's ghost, journeyman KoHu
Lair:2 3 runed translucent doors, qw's ghost, journeyman GrBe
Lair:5 2 runed translucent doors


Message History

You closely miss the orc priest.
The orc priest is severely wounded.
You barely miss the orc warrior. You slice the orc priest!!
You kill the orc priest!
Trog accepts your kill.
You barely miss the orc warrior.
The orc high priest mumbles some strange prayers.
The orc high priest mumbles some strange prayers to Beogh against you.
Beogh smites you!
The orc priest calls upon Beogh to heal the orc warrior.
The orc warrior is healed somewhat.
The orc warrior closely misses you.
The ynoxinul gestures.
You slice the orc warrior!!
You kill the orc warrior!
Trog accepts your kill.
You slice the orc wizard!!
You kill the orc wizard!
Trog accepts your kill.
Trog appreciates your killing of a magic user.
You slash the orc warrior!
The orc warrior shoots a bolt.
The bolt barely misses you.
You hit the orc warrior.
The orc warrior is severely wounded.
You slice the orc warrior!!
You kill the orc warrior!
Trog accepts your kill.
The orc no longer looks unusually strong.
The orc misses you.
The orc warrior shoots a bolt.
You block the bolt.
You slice the orc wizard!!
You kill the orc wizard!
Trog accepts your kill.
Trog appreciates your killing of a magic user.
You slice the orc priest!!
You kill the orc priest!
Trog accepts your kill.
You feel the effects of Trog's Hand fading.
The orc high priest hits you but does no damage.
The orc high priest hits you with a +1 vorpal mace!
You die...

##.#.##.###.# #
##.##### ...#
##...##.######...#
#...###.#.........
#...###.#.........
##....#......o5....
#...).#.....o......
##.#.#.)))))ooo.5..
##.$..))))@.oo3...
#....))))))34.5...
#........#..o55....
##.##..#.#.........
## ###########...#
...# ..# ..


You could see 2 orc high priests, a sixfirhy (summoned), a ynoxinul (summoned),
a red devil (summoned), an orc warrior (strong), an orc priest (strong), 4 orcs
and 5 ufetubi.

Vanquished Creatures
  An orc warlord (Orc:2)
  Snorg (D:11)
  An ettin (Orc:2)
  A spriggan zombie (D:15)
  Harold (Lair:1)
  Erolcha (D:9)
  2 catoblepae
  An ice dragon (D:11)
  5 hydras
  4 vault guards (D:13)
  An ogre mage (D:15)
  2 boulder beetles
  8 two-headed ogres
  6 centaur warriors
  A vampire mage (D:15)
  2 tengu warriors
  An orc high priest (Orc:2)
  2 skeletal warriors (D:15)
  A fire crab (Lair:3)
  Amaemon (Lair:1)
  A golden dragon zombie (D:15)
  5 orc knights
  2 lindwurms
  2 deep elf pyromancers
  A sphinx zombie (D:15)
  3 necromancers
  14 ugly things
  5 manticores
  6 orc sorcerers
  A wolf spider (D:15)
  7 cyclopes
  11 slime creatures
  Joseph (D:9)
  5 black mambas
  A black mamba (shapeshifter) (D:14)
  9 elephants
  An orange demon (Lair:1)
  A torpor snail (Lair:4)
  9 cane toads
  2 molten gargoyles (Lair:5)
  A rime drake (Lair:5)
  A gargoyle (D:11)
  An unseen horror (D:11)
  A yaktaur (D:13)
  12 komodo dragons
  A kobold demonologist (D:11)
  4 trolls
  7 polar bears
  A wolf spider simulacrum (D:15)
  Grinder (D:3)
  A hornet (D:9)
  13 blink frogs
  Prince Ribbit (Lair:1)
  6 jumping spiders (Lair:2)
  2 culicivoras (Lair:2)
  4 vampires (D:14)
  12 wyverns
  4 shadows
  65 yaks
  19 humans (D:13)
  4 steam dragons
  Eustachio (D:5)
  2 hogs (D:13)
  4 basilisks
  Grum (Lair:1)
  4 redbacks (Lair:2)
  3 wargs
  4 vampire mosquitoes (D:10)
  2 acid dragons
  8 water moccasins
  A human zombie (D:15)
  4 hell hounds (Lair:5)
  3 black bears
  An ice beast (D:6)
  28 orc warriors
  A sky beast (D:8)
  7 ogres
  4 wolves
  6 centaurs
  3 kobold brigands
  14 bullfrogs
  4 necrophages
  5 scorpions
  9 wights (D:8)
  12 killer bees
  5 howler monkeys
  An electric eel (Lair:1)
  5 lava snakes (Lair:5)
  A jelly (D:7)
  28 orc priests
  2 hounds (D:6)
  4 gnoll boudas
  Ijyb (D:3)
  3 iguanas
  33 orc wizards
  3 hell rats (Lair:5)
  Robin (D:3)
  17 gnolls
  3 adders
  4 shadow imps
  2 white imps (D:8)
  3 ufetubi
  2 worms
  A dart slug (D:3)
  102 orcs
  7 ball pythons
  3 bats
  9 endoplasms
  2 giant cockroaches
  13 goblins
  12 hobgoblins
  2 jackals (D:4)
  13 kobolds
  4 quokkas
  3 frilled lizards
  3 rats (D:1)
714 creatures vanquished.

Vanquished Creatures (collateral kills)
  A hydra (D:13)
  2 yaks (Lair:5)
  An orc warrior (Orc:2)
4 creatures vanquished.

Vanquished Creatures (others)
  A bullfrog (Lair:3)
  4 demonic plants (D:8)
  78 fungi
  67 plants
  2 withered plants (D:15)
152 creatures vanquished.

Grand Total: 870 creatures vanquished

Notes
Turn   | Place    | Note
-------+----------+-------------------------------------------
     0 | D:1      | qw the Minotaur Berserker began the quest for the Orb.
     0 | D:1      | Reached XP level 1. HP: 19/19 MP: 0/0
     0 | D:1      | 0 ||| qw: Version: 0.1-a-119-g272c26d
     0 | D:1      | 0 ||| qw: Game counter: 11029
     0 | D:1      | 0 ||| qw: Always use a shield: true
     0 | D:1      | 0 ||| qw: Do Orc after D:15 true
     0 | D:1      | 0 ||| qw: Do second Lair branch before Depths: true
     0 | D:1      | 0 ||| qw: Lair rune preference: random
     0 | D:1      | 0 ||| qw: Plans: Normal
     0 | D:1      | 0 ||| PLANNING D:1-11
   130 | D:1      | 130 ||| Stepping ~*~*~tactically~*~*~ (stealth).
   138 | D:1      | 138 ||| INVOKING Berserk.
   141 | D:1      | Reached XP level 2. HP: 15/26 MP: 1/1
   685 | D:1      | 685 ||| INVOKING Berserk.
   694 | D:1      | 694 ||| Stepping ~*~*~tactically~*~*~ (stealth).
   696 | D:1      | 696 ||| Stepping ~*~*~tactically~*~*~ (stealth).
   697 | D:1      | 697 ||| Stepping ~*~*~tactically~*~*~ (stealth).
   915 | D:1      | 915 ||| DROPPING +0 club.
  1085 | D:1      | 1085 ||| UPGRADING to +0 pair of gloves of strength.
  1090 | D:1      | 1090 ||| READING scroll labelled SIPPOOHAFI.
  1095 | D:1      | 1095 ||| READING scroll labelled QUYKOU XATUTU.
  1096 | D:1      | 1096 ||| READING scroll labelled VEEFEGRIXEC.
  1097 | D:1      | 1097 ||| READING scroll labelled OLIF KETASIKYVIH.
  1126 | D:2      | Reached XP level 3. HP: 31/31 MP: 2/2
  1202 | D:2      | Found a faded altar of an unknown god.
  1209 | D:2      | 1209 ||| Stepping ~*~*~tactically~*~*~ (stealth).
  1214 | D:2      | Reached ** piety under Trog
  1318 | D:2      | 1318 ||| INVOKING Berserk.
  1558 | D:2      | 1558 ||| Stepping ~*~*~tactically~*~*~ (stealth).
  1559 | D:2      | 1559 ||| Stepping ~*~*~tactically~*~*~ (stealth).
  1758 | D:2      | 1758 ||| UPGRADING to +0 leather armour.
  1768 | D:2      | 1768 ||| DROPPING +0 animal skin.
  1769 | D:2      | 1769 ||| READING 2 scrolls labelled NIGORI CICWUMU.
  1770 | D:2      | 1770 ||| READING scroll labelled LOEMUE FUAQU.
  1771 | D:2      | 1771 ||| READING scroll labelled HIYHOBO SETE.
  1772 | D:2      | 1772 ||| DROPPING scroll of noise.
  1951 | D:2      | 1951 ||| UPGRADING to ring of willpower.
  2089 | D:3      | Noticed Grinder
  2090 | D:3      | 2090 ||| INVOKING Trog's Hand.
  2093 | D:3      | 2093 ||| INVOKING Berserk.
  2099 | D:3      | Killed Grinder
  2100 | D:3      | Reached XP level 4. HP: 39/39 MP: 3/3
  2100 | D:3      | Reached XP level 5. HP: 45/45 MP: 4/4
  2264 | D:3      | Found a hide-covered altar of Uskayaw.
  2342 | D:3      | 2342 ||| Stepping ~*~*~tactically~*~*~ (stealth).
  2351 | D:3      | Reached XP level 6. HP: 41/52 MP: 5/5
  2351 | D:3      | 2351 ||| FLEEEEING.
  2365 | D:3      | 2365 ||| FLEEEEING.
  2366 | D:3      | 2366 ||| FLEEEEING.
  2367 | D:3      | 2367 ||| FLEEEEING.
  2476 | D:3      | 2476 ||| DROPPING +0 whip.
  2555 | D:3      | Noticed Ijyb
  2558 | D:3      | 2558 ||| INVOKING Berserk.
  2560 | D:3      | Killed Ijyb
  2700 | D:3      | 2700 ||| Stepping ~*~*~tactically~*~*~ (hiding).
  3008 | D:3      | 3008 ||| Stepping ~*~*~tactically~*~*~ (stealth).
  3012 | D:3      | Noticed Robin
  3020 | D:3      | 3020 ||| INVOKING Berserk.
  3026 | D:3      | Killed Robin
  3295 | D:3      | 3295 ||| UPGRADING to +0 chain mail.
  3305 | D:3      | 3305 ||| DROPPING +0 leather armour.
  3306 | D:3      | 3306 ||| UPGRADING to +0 pair of boots.
  3311 | D:3      | 3311 ||| UPGRADING to +1 chain mail of cold resistance.
  3321 | D:3      | 3321 ||| DROPPING +0 chain mail.
  3394 | D:4      | 3394 ||| STAIRDANCE
  3465 | D:4      | 3465 ||| STAIRDANCE
  3545 | D:4      | 3545 ||| Stepping ~*~*~tactically~*~*~ (hiding).
  3550 | D:4      | 3550 ||| INVOKING Berserk.
  3584 | D:4      | 3584 ||| Stepping ~*~*~tactically~*~*~ (stealth).
  3692 | D:4      | 3692 ||| INVOKING Berserk.
  3698 | D:4      | Reached skill level 3 in Armour
  3836 | D:4      | Found a staircase to the Ecumenical Temple.
  3955 | D:4      | 3955 ||| INVOKING Berserk.
  4151 | D:4      | 4151 ||| Stepping ~*~*~tactically~*~*~ (stealth).
  4152 | D:4      | 4152 ||| Stepping ~*~*~tactically~*~*~ (stealth).
  4165 | D:4      | 4165 ||| DROPPING +0 flail.
  4198 | D:4      | 4198 ||| INVOKING Berserk.
  4319 | D:4      | 4319 ||| INVOKING Berserk.
  4340 | D:4      | Reached skill level 9 in Axes
  4616 | D:4      | Reached XP level 7. HP: 60/60 MP: 6/6
  4633 | D:4      | 4633 ||| INVOKING Berserk.
  4969 | D:4      | Found a white marble altar of Elyvilon.
  4995 | D:4      | 4995 ||| READING 2 scrolls labelled OTRIUDD UCOISEAGG.
  4996 | D:4      | 4996 ||| DRINKING 2 fuming red potions.
  5030 | D:4      | 5030 ||| DRINKING 3 bubbling silvery potions.
  5031 | D:4      | 5031 ||| DRINKING 2 golden potions.
  5032 | D:4      | 5032 ||| READING 3 scrolls of identify.
  5032 | D:4      | 5032 ||| IDENTIFYING glowing grey potion
  5033 | D:4      | 5033 ||| READING 2 scrolls of identify.
  5033 | D:4      | 5033 ||| IDENTIFYING amethyst potion
  5034 | D:4      | 5034 ||| DROPPING scroll of poison.
  5035 | D:4      | 5035 ||| DROPPING potion of lignification.
  5036 | D:4      | 5036 ||| DROPPING potion of invisibility.
  5042 | D:5      | Entered Level 5 of the Dungeon
  5134 | D:5      | Noticed Eustachio
  5135 | D:5      | 5135 ||| Stepping ~*~*~tactically~*~*~ (hiding).
  5137 | D:5      | 5137 ||| INVOKING Berserk.
  5168 | D:5      | Killed Eustachio
  5405 | D:5      | 5405 ||| Stepping ~*~*~tactically~*~*~ (stealth).
  5406 | D:5      | 5406 ||| Stepping ~*~*~tactically~*~*~ (stealth).
  5468 | D:5      | 5468 ||| INVOKING Berserk.
  5745 | D:5      | Found a sparkling altar of Nemelex Xobeh.
  5775 | D:5      | Found an iron altar of Okawaru.
  5884 | D:5      | 5884 ||| READING scroll labelled NEPLAR AHYVE.
  5885 | D:5      | 5885 ||| READING 2 scrolls labelled YMEATT MEIDGH.
  5886 | D:5      | 5886 ||| READING scroll of enchant weapon.
  5886 | D:5      | 5886 ||| ENCHANTING +1 hand axe.
  5887 | D:5      | 5887 ||| READING scroll labelled UTTIAFR IFEZXY.
  5888 | D:5      | 5888 ||| DRINKING 2 sapphire potions.
  5888 | D:5      | Gained mutation: You have hidden genetic potential. [potion
                  | of mutation]
  5889 | D:5      | 5889 ||| READING 2 scrolls of identify.
  5889 | D:5      | 5889 ||| IDENTIFYING smoky golden potion
  5890 | D:5      | 5890 ||| DROPPING potion of degeneration.
  5948 | D:6      | Reached XP level 8. HP: 63/70 MP: 7/7
  5952 | D:6      | Reached skill level 6 in Fighting
  6044 | D:6      | 6044 ||| Stepping ~*~*~tactically~*~*~ (hiding).
  6274 | D:6      | Reached *** piety under Trog
  6284 | D:6      | Gained mutation: You have sharp toenails. [hidden
                  | potential]
  6425 | D:6      | Found Icaupe Oxes's Magic Scroll Emporium.
  6435 | D:6      | 6435 ||| DROPPING +2 ring mail of poison resistance.
  6436 | D:6      | 6436 ||| DRINKING 2 ruby potions.
  6437 | D:6      | 6437 ||| DROPPING potion of attraction.
  6505 | D:7      | 6505 ||| FLEEEEING.
  6506 | D:7      | 6506 ||| FLEEEEING.
  6507 | D:7      | 6507 ||| FLEEEEING.
  6508 | D:7      | 6508 ||| FLEEEEING.
  6509 | D:7      | 6509 ||| FLEEEEING.
  6510 | D:7      | 6510 ||| FLEEEEING.
  6511 | D:7      | 6511 ||| FLEEEEING.
  6512 | D:7      | 6512 ||| FLEEEEING.
  6513 | D:7      | 6513 ||| FLEEEEING.
  6514 | D:7      | 6514 ||| FLEEEEING.
  6515 | D:7      | 6515 ||| FLEEEEING.
  6516 | D:7      | 6516 ||| FLEEEEING.
  6517 | D:7      | 6517 ||| FLEEEEING.
  6518 | D:7      | 6518 ||| FLEEEEING.
  6519 | D:7      | 6519 ||| FLEEEEING.
  6520 | D:7      | 6520 ||| FLEEEEING.
  6521 | D:7      | 6521 ||| FLEEEEING.
  6522 | D:7      | 6522 ||| FLEEEEING.
  6523 | D:7      | 6523 ||| FLEEEEING.
  6524 | D:7      | 6524 ||| FLEEEEING.
  6525 | D:7      | 6525 ||| FLEEEEING.
  6526 | D:7      | 6526 ||| FLEEEEING.
  6527 | D:7      | 6527 ||| FLEEEEING.
  6528 | D:7      | 6528 ||| FLEEEEING.
  6529 | D:7      | 6529 ||| FLEEEEING.
  6530 | D:7      | 6530 ||| FLEEEEING.
  6531 | D:7      | 6531 ||| FLEEEEING.
  6532 | D:7      | 6532 ||| FLEEEEING.
  6533 | D:7      | 6533 ||| FLEEEEING.
  6534 | D:7      | 6534 ||| FLEEEEING.
  6535 | D:7      | 6535 ||| FLEEEEING.
  6536 | D:7      | 6536 ||| FLEEEEING.
  6537 | D:7      | 6537 ||| STAIRDANCE
  6630 | D:7      | 6630 ||| INVOKING Berserk.
  6780 | D:7      | 6780 ||| INVOKING Berserk.
  6783 | D:7      | Reached skill level 12 in Axes
  7075 | D:7      | 7075 ||| READING scroll of enchant armour.
  7075 | D:7      | 7075 ||| ENCHANTING +0 pair of gloves of strength.
  7257 | D:7      | 7257 ||| Stepping ~*~*~tactically~*~*~ (stealth).
  7314 | D:7      | Reached XP level 9. HP: 70/79 MP: 8/8
  7369 | D:7      | 7369 ||| INVOKING Berserk.
  7391 | D:7      | 7391 ||| Stepping ~*~*~tactically~*~*~ (cloud).
  7553 | D:7      | 7553 ||| INVOKING Berserk.
  7759 | D:7      | 7759 ||| READING scroll labelled QEN NA YGOL.
  7760 | D:7      | 7760 ||| READING scroll labelled GITOCOK POLUH.
  7761 | D:7      | 7761 ||| DRINKING 2 fuming white potions.
  7762 | D:7      | 7762 ||| DROPPING potion of flight.
  7868 | D:8      | 7868 ||| Stepping ~*~*~tactically~*~*~ (hiding).
  7869 | D:8      | 7869 ||| Stepping ~*~*~tactically~*~*~ (hiding).
  7872 | D:8      | 7872 ||| INVOKING Berserk.
  7893 | D:8      | 7893 ||| FLEEEEING.
  7895 | D:8      | 7895 ||| STAIRDANCE
  8000 | D:8      | 8000 ||| STAIRDANCE
  8009 | D:8      | 8009 ||| Stepping ~*~*~tactically~*~*~ (stealth).
  8035 | D:8      | 8035 ||| Stepping ~*~*~tactically~*~*~ (stealth).
  8036 | D:8      | 8036 ||| Stepping ~*~*~tactically~*~*~ (stealth).
  8037 | D:8      | 8037 ||| Stepping ~*~*~tactically~*~*~ (stealth).
  8043 | D:8      | 8043 ||| Stepping ~*~*~tactically~*~*~ (stealth).
  8044 | D:8      | 8044 ||| Stepping ~*~*~tactically~*~*~ (stealth).
  8048 | D:8      | 8048 ||| Stepping ~*~*~tactically~*~*~ (stealth).
  8049 | D:8      | 8049 ||| Stepping ~*~*~tactically~*~*~ (stealth).
  8050 | D:8      | 8050 ||| Stepping ~*~*~tactically~*~*~ (stealth).
  8051 | D:8      | 8051 ||| Stepping ~*~*~tactically~*~*~ (stealth).
  8056 | D:8      | 8056 ||| Stepping ~*~*~tactically~*~*~ (stealth).
  8069 | D:8      | 8069 ||| Stepping ~*~*~tactically~*~*~ (stealth).
  8070 | D:8      | 8070 ||| Stepping ~*~*~tactically~*~*~ (stealth).
  8071 | D:8      | 8071 ||| Stepping ~*~*~tactically~*~*~ (stealth).
  8074 | D:8      | 8074 ||| Stepping ~*~*~tactically~*~*~ (stealth).
  8109 | D:8      | 8109 ||| FLEEEEING.
  8115 | D:8      | 8115 ||| Stepping ~*~*~tactically~*~*~ (stealth).
  8117 | D:8      | 8117 ||| STAIRDANCE
  8161 | D:8      | 8161 ||| STAIRDANCE
  8177 | D:8      | 8177 ||| Stepping ~*~*~tactically~*~*~ (hiding).
  8178 | D:8      | 8178 ||| Stepping ~*~*~tactically~*~*~ (hiding).
  8180 | D:8      | 8180 ||| Stepping ~*~*~tactically~*~*~ (hiding).
  8182 | D:8      | 8182 ||| Stepping ~*~*~tactically~*~*~ (stealth).
  8184 | D:8      | 8184 ||| Stepping ~*~*~tactically~*~*~ (stealth).
  8185 | D:8      | 8185 ||| Stepping ~*~*~tactically~*~*~ (stealth).
  8188 | D:8      | 8188 ||| Stepping ~*~*~tactically~*~*~ (hiding).
  8189 | D:8      | 8189 ||| Stepping ~*~*~tactically~*~*~ (hiding).
  8190 | D:8      | 8190 ||| Stepping ~*~*~tactically~*~*~ (hiding).
  8191 | D:8      | 8191 ||| Stepping ~*~*~tactically~*~*~ (hiding).
  8192 | D:8      | 8192 ||| Stepping ~*~*~tactically~*~*~ (hiding).
  8193 | D:8      | 8193 ||| Stepping ~*~*~tactically~*~*~ (hiding).
  8244 | D:8      | 8244 ||| Stepping ~*~*~tactically~*~*~ (hiding).
  8371 | D:8      | 8371 ||| Stepping ~*~*~tactically~*~*~ (stealth).
  8409 | D:8      | 8409 ||| Stepping ~*~*~tactically~*~*~ (stealth).
  8412 | D:8      | Reached skill level 3 in Dodging
  8415 | D:8      | 8415 ||| Stepping ~*~*~tactically~*~*~ (stealth).
  8417 | D:8      | 8417 ||| Stepping ~*~*~tactically~*~*~ (stealth).
  8418 | D:8      | 8418 ||| Stepping ~*~*~tactically~*~*~ (stealth).
  8646 | D:8      | 8646 ||| Stepping ~*~*~tactically~*~*~ (hiding).
  8652 | D:8      | 8652 ||| INVOKING Berserk.
  8655 | D:8      | Reached skill level 6 in Armour
  8834 | D:8      | 8834 ||| Stepping ~*~*~tactically~*~*~ (stealth).
  8856 | D:8      | 8856 ||| INVOKING Berserk.
  8871 | D:8      | 8871 ||| Stepping ~*~*~tactically~*~*~ (stealth).
  9051 | D:8      | 9051 ||| Stepping ~*~*~tactically~*~*~ (hiding).
  9056 | D:8      | Reached XP level 10. HP: 80/88 MP: 9/9
  9109 | D:8      | 9109 ||| Stepping ~*~*~tactically~*~*~ (hiding).
  9111 | D:8      | 9111 ||| Stepping ~*~*~tactically~*~*~ (hiding).
  9120 | D:8      | Reached **** piety under Trog
  9181 | D:8      | 9181 ||| Stepping ~*~*~tactically~*~*~ (hiding).
  9182 | D:8      | 9182 ||| Stepping ~*~*~tactically~*~*~ (hiding).
  9189 | D:8      | Reached skill level 9 in Fighting
  9228 | D:8      | 9228 ||| Stepping ~*~*~tactically~*~*~ (stealth).
  9230 | D:8      | 9230 ||| Stepping ~*~*~tactically~*~*~ (stealth).
  9264 | D:8      | 9264 ||| SWAPPING to +0 war axe.
  9275 | D:8      | 9275 ||| DROPPING +2 hand axe.
  9329 | D:8      | 9329 ||| Stepping ~*~*~tactically~*~*~ (stealth).
  9334 | D:8      | 9334 ||| Stepping ~*~*~tactically~*~*~ (hiding).
  9340 | D:8      | 9340 ||| INVOKING Berserk.
  9360 | D:8      | Gained mutation: Your system is resistant to poisons.
                  | (rPois) [hidden potential]
  9360 | D:8      | Lost mutation: You have hidden genetic potential. [hidden
                  | potential expressed]
  9361 | D:8      | Reached skill level 15 in Axes
  9488 | D:8      | 9488 ||| DROPPING +0 morningstar.
  9562 | D:8      | 9562 ||| Stepping ~*~*~tactically~*~*~ (stealth).
  9589 | D:8      | 9589 ||| INVOKING Berserk.
  9708 | D:8      | Identified the +0 chain mail "Jusob" {Str-5 Int+3 Slay+5}
  9774 | D:8      | Found a shadowy altar of Dithmenos.
  9837 | D:8      | 9837 ||| UPGRADING to +0 chain mail "Jusob" {Str-5 Int+3
                  | Slay+5}.
  9847 | D:8      | 9847 ||| UPGRADING to +6 ring of dexterity.
  9848 | D:8      | 9848 ||| READING 4 scrolls of identify.
  9848 | D:8      | 9848 ||| IDENTIFYING puce potion
  9849 | D:8      | 9849 ||| DROPPING potion of magic.
 10033 | D:9      | 10033 ||| Stepping ~*~*~tactically~*~*~ (stealth).
 10114 | D:9      | 10114 ||| INVOKING Berserk.
 10240 | D:9      | 10240 ||| Stepping ~*~*~tactically~*~*~ (hiding).
 10254 | D:9      | 10254 ||| Stepping ~*~*~tactically~*~*~ (stealth).
 10256 | D:9      | 10256 ||| Stepping ~*~*~tactically~*~*~ (hiding).
 10258 | D:9      | 10258 ||| INVOKING Berserk.
 10300 | D:9      | Noticed Joseph
 10301 | D:9      | 10301 ||| Stepping ~*~*~tactically~*~*~ (stealth).
 10303 | D:9      | 10303 ||| Stepping ~*~*~tactically~*~*~ (hiding).
 10317 | D:9      | Killed Joseph
 10428 | D:9      | Found a glowing silver altar of Zin.
 10496 | D:9      | 10496 ||| Stepping ~*~*~tactically~*~*~ (hiding).
 10516 | D:9      | 10516 ||| Stepping ~*~*~tactically~*~*~ (stealth).
 10526 | D:9      | 10526 ||| Stepping ~*~*~tactically~*~*~ (hiding).
 10527 | D:9      | 10527 ||| Stepping ~*~*~tactically~*~*~ (hiding).
 10528 | D:9      | 10528 ||| Stepping ~*~*~tactically~*~*~ (hiding).
 10546 | D:9      | 10546 ||| Stepping ~*~*~tactically~*~*~ (stealth).
 10547 | D:9      | 10547 ||| Stepping ~*~*~tactically~*~*~ (stealth).
 10553 | D:9      | 10553 ||| Stepping ~*~*~tactically~*~*~ (stealth).
 10554 | D:9      | 10554 ||| Stepping ~*~*~tactically~*~*~ (stealth).
 10555 | D:9      | 10555 ||| Stepping ~*~*~tactically~*~*~ (stealth).
 10556 | D:9      | 10556 ||| Stepping ~*~*~tactically~*~*~ (stealth).
 10557 | D:9      | 10557 ||| Stepping ~*~*~tactically~*~*~ (stealth).
 10558 | D:9      | 10558 ||| Stepping ~*~*~tactically~*~*~ (hiding).
 10559 | D:9      | 10559 ||| Stepping ~*~*~tactically~*~*~ (stealth).
 10609 | D:9      | Noticed Erolcha
 10610 | D:9      | 10610 ||| Stepping ~*~*~tactically~*~*~ (hiding).
 10613 | D:9      | 10613 ||| Stepping ~*~*~tactically~*~*~ (hiding).
 10616 | D:9      | 10616 ||| INVOKING Trog's Hand.
 10617 | D:9      | 10617 ||| INVOKING Berserk.
 10628 | D:9      | Killed Erolcha
 10683 | D:9      | Found an ornate altar of the Wu Jian Council.
 10732 | D:9      | 10732 ||| Stepping ~*~*~tactically~*~*~ (stealth).
 10737 | D:9      | Reached XP level 11. HP: 77/97 MP: 10/10
 10869 | D:9      | 10869 ||| DROPPING +1 chain mail of cold resistance.
 10870 | D:9      | 10870 ||| UPGRADING to +2 chain mail of cold resistance.
 10880 | D:9      | 10880 ||| DROPPING +0 chain mail "Jusob" {Str-5 Int+3
                  | Slay+5}.
 10892 | D:10     | Entered Level 10 of the Dungeon
 10991 | D:10     | 10991 ||| Stepping ~*~*~tactically~*~*~ (stealth).
 10993 | D:10     | 10993 ||| Stepping ~*~*~tactically~*~*~ (stealth).
 11015 | D:10     | 11015 ||| Stepping ~*~*~tactically~*~*~ (stealth).
 11018 | D:10     | 11018 ||| Stepping ~*~*~tactically~*~*~ (stealth).
 11042 | D:10     | 11042 ||| STAIRDANCE
 11045 | D:9      | 11045 ||| INVOKING Berserk.
 11118 | D:10     | 11118 ||| STAIRDANCE
 11171 | D:10     | Found a staircase to the Lair.
 11296 | D:10     | Reached skill level 6 in Dodging
 11356 | D:10     | 11356 ||| Stepping ~*~*~tactically~*~*~ (stealth).
 11516 | D:10     | 11516 ||| Stepping ~*~*~tactically~*~*~ (hiding).
 11517 | D:10     | 11517 ||| Stepping ~*~*~tactically~*~*~ (hiding).
 11518 | D:10     | 11518 ||| Stepping ~*~*~tactically~*~*~ (hiding).
 11521 | D:10     | 11521 ||| FLEEEEING.
 11522 | D:10     | 11522 ||| FLEEEEING.
 11523 | D:10     | 11523 ||| FLEEEEING.
 11524 | D:10     | 11524 ||| FLEEEEING.
 11525 | D:10     | 11525 ||| FLEEEEING.
 11526 | D:10     | 11526 ||| FLEEEEING.
 11527 | D:10     | 11527 ||| FLEEEEING.
 11528 | D:10     | 11528 ||| FLEEEEING.
 11529 | D:10     | 11529 ||| FLEEEEING.
 11530 | D:10     | 11530 ||| FLEEEEING.
 11545 | D:10     | 11545 ||| FLEEEEING.
 11549 | D:10     | 11549 ||| FLEEEEING.
 11551 | D:10     | 11551 ||| FLEEEEING.
 11552 | D:10     | 11552 ||| FLEEEEING.
 11562 | D:10     | 11562 ||| FLEEEEING.
 11563 | D:10     | 11563 ||| FLEEEEING.
 11564 | D:10     | 11564 ||| FLEEEEING.
 11565 | D:10     | 11565 ||| FLEEEEING.
 11566 | D:10     | 11566 ||| FLEEEEING.
 11567 | D:10     | 11567 ||| FLEEEEING.
 11568 | D:10     | 11568 ||| FLEEEEING.
 11569 | D:10     | 11569 ||| FLEEEEING.
 11570 | D:10     | 11570 ||| FLEEEEING.
 11571 | D:10     | 11571 ||| FLEEEEING.
 11573 | D:10     | 11573 ||| FLEEEEING.
 11758 | D:10     | Found a radiant altar of Vehumet.
 11800 | D:10     | Noticed a two-headed ogre
 11804 | D:10     | 11804 ||| INVOKING Berserk.
 11807 | D:10     | Killed a two-headed ogre
 11988 | D:10     | 11988 ||| INVOKING Berserk.
 12148 | D:10     | Found a staircase to the Orcish Mines.
 12185 | D:10     | 12185 ||| Stepping ~*~*~tactically~*~*~ (stealth).
 12189 | D:10     | 12189 ||| Stepping ~*~*~tactically~*~*~ (stealth).
 12190 | D:10     | 12190 ||| Stepping ~*~*~tactically~*~*~ (stealth).
 12197 | D:10     | 12197 ||| Stepping ~*~*~tactically~*~*~ (stealth).
 12201 | D:10     | 12201 ||| INVOKING Berserk.
 12316 | D:10     | 12316 ||| Stepping ~*~*~tactically~*~*~ (hiding).
 12511 | D:10     | Found a portal to a secret trove of treasure.
 12595 | D:10     | 12595 ||| INVOKING Berserk.
 12918 | D:11     | Noticed Snorg
 12923 | D:11     | 12923 ||| INVOKING Berserk.
 12929 | D:11     | Killed Snorg
 12930 | D:11     | 12930 ||| STAIRDANCE
 13107 | D:11     | 13107 ||| Stepping ~*~*~tactically~*~*~ (stealth).
 13123 | D:11     | Reached skill level 9 in Armour
 13415 | D:11     | Found a frozen archway.
 13418 | D:11     | 13418 ||| Stepping ~*~*~tactically~*~*~ (stealth).
 13422 | D:11     | Noticed an ice dragon
 13423 | D:11     | 13423 ||| Stepping ~*~*~tactically~*~*~ (hiding).
 13424 | D:11     | 13424 ||| INVOKING Berserk.
 13428 | D:11     | Reached skill level 12 in Fighting
 13440 | D:11     | Killed an ice dragon
 13555 | D:11     | 13555 ||| Stepping ~*~*~tactically~*~*~ (stealth).
 13608 | D:11     | 13608 ||| INVOKING Berserk.
 13766 | D:11     | 13766 ||| Stepping ~*~*~tactically~*~*~ (stealth).
 13775 | D:11     | Reached ***** piety under Trog
 13873 | D:11     | 13873 ||| Stepping ~*~*~tactically~*~*~ (hiding).
 13879 | D:11     | 13879 ||| Stepping ~*~*~tactically~*~*~ (hiding).
 14029 | D:11     | 14029 ||| INVOKING Berserk.
 14035 | D:11     | Reached XP level 12. HP: 103/113 MP: 11/11
 14036 | D:11     | Reached skill level 3 in Throwing
 14223 | D:11     | 14223 ||| INVOKING Berserk.
 14630 | D:11     | 14630 ||| INVOKING Berserk.
 14821 | D:11     | Noticed a four-headed hydra
 14821 | D:11     | Noticed a tengu warrior
 14822 | D:11     | 14822 ||| INVOKING Brothers in Arms.
 14823 | D:11     | 14823 ||| SWAPPING to +1 morningstar of protection.
 14824 | D:11     | 14824 ||| INVOKING Berserk.
 14828 | D:11     | Killed a four-headed hydra
 14841 | D:11     | Killed a tengu warrior
 15030 | D:11     | 15030 ||| SWAPPING to +0 war axe.
 15108 | D:11     | Found a runed translucent gate.
 15108 | D:11     | Found a runed translucent gate.
 15108 | D:11     | Noticed Texkoz's ghost (journeyman KoHu)
 15109 | D:11     | Found a runed translucent gate.
 15274 | D:11     | 15274 ||| UPGRADING to +0 buckler.
 15332 | D:10     | Found a sacrificial altar of Ru.
 15332 | D:10     | Found a shimmering altar of Xom.
 15335 | D:10     | Found an opulent altar of Gozag.
 15340 | D:10     | 15340 ||| PLANNING LAIR
 15403 | Lair:1   | Entered Level 1 of the Lair of Beasts
 15412 | Lair:1   | 15412 ||| READING scroll of enchant armour.
 15412 | Lair:1   | 15412 ||| ENCHANTING +1 pair of gloves of strength.
 15417 | Lair:1   | Found a glowing golden altar of the Shining One.
 15417 | Lair:1   | Noticed Amaemon
 15420 | Lair:1   | 15420 ||| INVOKING Berserk.
 15423 | Lair:1   | Reached skill level 1 in Shields
 15430 | Lair:1   | Killed Amaemon
 15431 | Lair:1   | Reached skill level 3 in Shields
 15536 | Lair:1   | 15536 ||| DROPPING +1 morningstar of protection.
 15587 | Lair:1   | Noticed Grum
 15588 | Lair:1   | 15588 ||| Stepping ~*~*~tactically~*~*~ (hiding).
 15592 | Lair:1   | 15592 ||| INVOKING Berserk.
 15602 | Lair:1   | Killed Grum
 15605 | Lair:1   | Noticed Prince Ribbit
 15612 | Lair:1   | Killed Prince Ribbit
 15666 | Lair:1   | 15666 ||| INVOKING Berserk.
 15798 | Lair:1   | Reached skill level 6 in Shields
 15947 | Lair:1   | 15947 ||| Stepping ~*~*~tactically~*~*~ (stealth).
 15950 | Lair:1   | 15950 ||| Stepping ~*~*~tactically~*~*~ (stealth).
 15951 | Lair:1   | 15951 ||| INVOKING Berserk.
 15961 | Lair:1   | 15961 ||| Stepping ~*~*~tactically~*~*~ (stealth).
 15972 | Lair:1   | 15972 ||| Stepping ~*~*~tactically~*~*~ (stealth).
 16090 | Lair:1   | Noticed Harold
 16095 | Lair:1   | 16095 ||| INVOKING Berserk.
 16115 | Lair:1   | Killed Harold
 16385 | Lair:1   | 16385 ||| INVOKING Berserk.
 16830 | Lair:2   | Found a staircase to the Shoals.
 16914 | Lair:2   | Found a hole to the Spider Nest.
 17064 | Lair:2   | 17064 ||| Stepping ~*~*~tactically~*~*~ (stealth).
 17103 | Lair:2   | 17103 ||| INVOKING Berserk.
 17107 | Lair:2   | Reached skill level 6 in Throwing
 17143 | Lair:2   | 17143 ||| FLEEEEING.
 17144 | Lair:2   | 17144 ||| FLEEEEING.
 17145 | Lair:2   | 17145 ||| FLEEEEING.
 17146 | Lair:2   | 17146 ||| FLEEEEING.
 17147 | Lair:2   | 17147 ||| FLEEEEING.
 17148 | Lair:2   | 17148 ||| FLEEEEING.
 17149 | Lair:2   | 17149 ||| FLEEEEING.
 17175 | Lair:2   | Reached XP level 13. HP: 68/122 MP: 12/12
 17427 | Lair:2   | Reached skill level 9 in Shields
 17461 | Lair:2   | 17461 ||| Stepping ~*~*~tactically~*~*~ (stealth).
 18010 | Lair:2   | 18010 ||| Stepping ~*~*~tactically~*~*~ (stealth).
 18119 | Lair:2   | 18119 ||| READING scroll of enchant armour.
 18119 | Lair:2   | 18119 ||| ENCHANTING +0 pair of boots.
 18272 | Lair:2   | Found a runed translucent gate.
 18272 | Lair:2   | Found a runed translucent gate.
 18272 | Lair:2   | Found a runed translucent gate.
 18389 | Lair:2   | Noticed qw's ghost (journeyman GrBe)
 18541 | Lair:2   | 18541 ||| READING scroll labelled DOROXE HASE LAL.
 18555 | Lair:3   | 18555 ||| Stepping ~*~*~tactically~*~*~ (stealth).
 18556 | Lair:3   | 18556 ||| Stepping ~*~*~tactically~*~*~ (stealth).
 18559 | Lair:3   | 18559 ||| Stepping ~*~*~tactically~*~*~ (stealth).
 18581 | Lair:3   | 18581 ||| INVOKING Berserk.
 18586 | Lair:3   | HP: 36/186 [something (13)]
 18722 | Lair:3   | 18722 ||| FLEEEEING.
 18723 | Lair:3   | 18723 ||| FLEEEEING.
 18724 | Lair:3   | 18724 ||| FLEEEEING.
 18725 | Lair:3   | 18725 ||| FLEEEEING.
 18726 | Lair:3   | 18726 ||| FLEEEEING.
 18727 | Lair:3   | 18727 ||| FLEEEEING.
 18728 | Lair:3   | 18728 ||| STAIRDANCE
 18956 | Lair:3   | 18956 ||| INVOKING Berserk.
 18959 | Lair:3   | 18959 ||| STAIRDANCE
 19179 | Lair:3   | 19179 ||| INVOKING Brothers in Arms.
 19180 | Lair:3   | 19180 ||| INVOKING Brothers in Arms.
 19181 | Lair:3   | 19181 ||| SWAPPING to +1 demon whip of venom.
 19182 | Lair:3   | 19182 ||| INVOKING Berserk.
 19185 | Lair:3   | Reached skill level 9 in Dodging
 19198 | Lair:3   | 19198 ||| SWAPPING to +0 war axe of electrocution.
 19362 | Lair:3   | 19362 ||| INVOKING Berserk.
 19533 | Lair:3   | 19533 ||| Stepping ~*~*~tactically~*~*~ (stealth).
 19535 | Lair:3   | 19535 ||| Stepping ~*~*~tactically~*~*~ (stealth).
 19536 | Lair:3   | 19536 ||| Stepping ~*~*~tactically~*~*~ (stealth).
 19540 | Lair:3   | 19540 ||| Stepping ~*~*~tactically~*~*~ (stealth).
 19557 | Lair:3   | 19557 ||| Stepping ~*~*~tactically~*~*~ (stealth).
 19558 | Lair:3   | 19558 ||| Stepping ~*~*~tactically~*~*~ (stealth).
 19561 | Lair:3   | 19561 ||| Stepping ~*~*~tactically~*~*~ (stealth).
 19601 | Lair:3   | 19601 ||| Stepping ~*~*~tactically~*~*~ (stealth).
 19687 | Lair:3   | 19687 ||| Stepping ~*~*~tactically~*~*~ (stealth).
 19759 | Lair:3   | 19759 ||| Stepping ~*~*~tactically~*~*~ (stealth).
 19761 | Lair:3   | 19761 ||| Stepping ~*~*~tactically~*~*~ (stealth).
 19764 | Lair:3   | 19764 ||| Stepping ~*~*~tactically~*~*~ (stealth).
 19765 | Lair:3   | 19765 ||| INVOKING Berserk.
 19974 | Lair:3   | 19974 ||| Stepping ~*~*~tactically~*~*~ (stealth).
 20178 | Lair:3   | 20178 ||| Stepping ~*~*~tactically~*~*~ (stealth).
 20346 | Lair:3   | 20346 ||| UPGRADING to +0 cloak.
 20351 | Lair:3   | 20351 ||| UPGRADING to amulet of the acrobat.
 20402 | Lair:4   | Found a staircase to the Slime Pits.
 20416 | Lair:4   | 20416 ||| Stepping ~*~*~tactically~*~*~ (stealth).
 20417 | Lair:4   | 20417 ||| Stepping ~*~*~tactically~*~*~ (stealth).
 20418 | Lair:4   | 20418 ||| Stepping ~*~*~tactically~*~*~ (stealth).
 20423 | Lair:4   | 20423 ||| INVOKING Berserk.
 20462 | Lair:4   | 20462 ||| Stepping ~*~*~tactically~*~*~ (stealth).
 20645 | Lair:4   | Identified the +2 pair of boots of the Sacrificial Victim
                  | {Harm Rampage Str+2}
 20716 | Lair:4   | 20716 ||| INVOKING Berserk.
 21064 | Lair:4   | 21064 ||| INVOKING Berserk.
 21069 | Lair:4   | Reached skill level 12 in Armour
 21477 | Lair:4   | 21477 ||| DROPPING ring of magical power.
 21499 | Lair:5   | Entered Level 5 of the Lair of Beasts
 21500 | Lair:5   | 21500 ||| INVOKING Berserk.
 21508 | Lair:5   | 21508 ||| STAIRDANCE
 21642 | Lair:5   | 21642 ||| Stepping ~*~*~tactically~*~*~ (stealth).
 21643 | Lair:5   | 21643 ||| Stepping ~*~*~tactically~*~*~ (stealth).
 21655 | Lair:5   | Reached skill level 15 in Fighting
 21669 | Lair:5   | 21669 ||| Stepping ~*~*~tactically~*~*~ (stealth).
 21729 | Lair:5   | 21729 ||| Stepping ~*~*~tactically~*~*~ (stealth).
 21842 | Lair:5   | 21842 ||| Stepping ~*~*~tactically~*~*~ (stealth).
 21849 | Lair:5   | 21849 ||| Stepping ~*~*~tactically~*~*~ (stealth).
 21850 | Lair:5   | 21850 ||| INVOKING Brothers in Arms.
 21851 | Lair:5   | 21851 ||| INVOKING Brothers in Arms.
 21852 | Lair:5   | 21852 ||| SWAPPING to +1 demon whip of venom.
 21853 | Lair:5   | 21853 ||| INVOKING Berserk.
 21872 | Lair:5   | 21872 ||| SWAPPING to +0 war axe of electrocution.
 22033 | Lair:5   | 22033 ||| INVOKING Berserk.
 22210 | Lair:5   | 22210 ||| Stepping ~*~*~tactically~*~*~ (stealth).
 22217 | Lair:5   | 22217 ||| INVOKING Berserk.
 22345 | Lair:5   | 22345 ||| INVOKING Berserk.
 22472 | Lair:5   | 22472 ||| Stepping ~*~*~tactically~*~*~ (hiding).
 22473 | Lair:5   | 22473 ||| Stepping ~*~*~tactically~*~*~ (hiding).
 22475 | Lair:5   | 22475 ||| Stepping ~*~*~tactically~*~*~ (cloud).
 22476 | Lair:5   | 22476 ||| INVOKING Berserk.
 22604 | Lair:5   | 22604 ||| INVOKING Berserk.
 22613 | Lair:5   | Reached XP level 14. HP: 135/135 MP: 13/13
 22770 | Lair:5   | 22770 ||| Stepping ~*~*~tactically~*~*~ (hiding).
 22866 | Lair:5   | Found a large runed translucent door.
 22866 | Lair:5   | Found a large runed translucent door.
 22878 | Lair:5   | 22878 ||| FLEEEEING.
 22879 | Lair:5   | 22879 ||| FLEEEEING.
 22881 | Lair:5   | 22881 ||| FLEEEEING.
 22882 | Lair:5   | 22882 ||| FLEEEEING.
 22891 | Lair:5   | 22891 ||| FLEEEEING.
 22892 | Lair:5   | 22892 ||| FLEEEEING.
 23208 | Lair:5   | 23208 ||| FLEEEEING.
 23209 | Lair:5   | 23209 ||| FLEEEEING.
 23210 | Lair:5   | 23210 ||| FLEEEEING.
 23211 | Lair:5   | 23211 ||| FLEEEEING.
 23212 | Lair:5   | 23212 ||| FLEEEEING.
 23213 | Lair:5   | 23213 ||| FLEEEEING.
 24249 | Lair:5   | 24249 ||| INVOKING Brothers in Arms.
 24250 | Lair:5   | 24250 ||| INVOKING Brothers in Arms.
 24251 | Lair:5   | 24251 ||| INVOKING Brothers in Arms.
 24252 | Lair:5   | 24252 ||| INVOKING Brothers in Arms.
 24253 | Lair:5   | 24253 ||| SWAPPING to +1 demon whip of venom.
 24255 | Lair:5   | 24255 ||| INVOKING Berserk.
 24273 | Lair:5   | 24273 ||| SWAPPING to +0 war axe of electrocution.
 24426 | Lair:5   | 24426 ||| PLANNING D
 24574 | D:12     | 24574 ||| INVOKING Berserk.
 25215 | D:12     | 25215 ||| INVOKING Berserk.
 25584 | D:12     | 25584 ||| Stepping ~*~*~tactically~*~*~ (stealth).
 25601 | D:12     | 25601 ||| Stepping ~*~*~tactically~*~*~ (stealth).
 25925 | D:13     | 25925 ||| Stepping ~*~*~tactically~*~*~ (hiding).
 26152 | D:13     | 26152 ||| Stepping ~*~*~tactically~*~*~ (stealth).
 26170 | D:13     | 26170 ||| Stepping ~*~*~tactically~*~*~ (hiding).
 26184 | D:13     | 26184 ||| Stepping ~*~*~tactically~*~*~ (stealth).
 26214 | D:13     | 26214 ||| Stepping ~*~*~tactically~*~*~ (stealth).
 26264 | D:13     | 26264 ||| Stepping ~*~*~tactically~*~*~ (stealth).
 26265 | D:13     | 26265 ||| Stepping ~*~*~tactically~*~*~ (stealth).
 26291 | D:13     | 26291 ||| Stepping ~*~*~tactically~*~*~ (stealth).
 26303 | D:13     | 26303 ||| Stepping ~*~*~tactically~*~*~ (stealth).
 26365 | D:13     | Found a gate to the Vaults.
 26431 | D:13     | 26431 ||| INVOKING Berserk.
 26444 | D:13     | 26444 ||| Stepping ~*~*~tactically~*~*~ (stealth).
 26450 | D:13     | 26450 ||| Stepping ~*~*~tactically~*~*~ (stealth).
 26761 | D:13     | 26761 ||| Stepping ~*~*~tactically~*~*~ (stealth).
 26764 | D:13     | 26764 ||| Stepping ~*~*~tactically~*~*~ (stealth).
 26957 | D:13     | 26957 ||| INVOKING Brothers in Arms.
 26958 | D:13     | 26958 ||| INVOKING Brothers in Arms.
 26959 | D:13     | 26959 ||| SWAPPING to +1 demon whip of venom.
 26960 | D:13     | 26960 ||| INVOKING Berserk.
 27054 | D:13     | 27054 ||| SWAPPING to +0 war axe of electrocution.
 27306 | D:13     | 27306 ||| READING 2 scrolls labelled HAYWOE PORCHEU.
 27306 | D:13     | Identified 2 scrolls of acquirement
 27306 | D:13     | 27306 ||| ACQUIRING +8 mithril axe "Arga" {speed, Will+}
 27306 | D:13     | Acquired the +8 mithril axe "Arga" {speed, Will+}
 27306 | D:13     | Found the +8 mithril axe "Arga" {speed, Will+}
 27308 | D:13     | 27308 ||| SWAPPING to +8 mithril axe "Arga" {speed, Will+}.
 27309 | D:13     | 27309 ||| DROPPING +0 war axe of electrocution.
 27310 | D:13     | 27310 ||| READING scroll of acquirement.
 27310 | D:13     | 27310 ||| ACQUIRING amulet "Miviaxe" {RegenMP rF++ rCorr
                  | Int+4 Dex-5}
 27310 | D:13     | Acquired the amulet "Miviaxe" {RegenMP rF++ rCorr Int+4
                  | Dex-5}
 27312 | D:13     | 27312 ||| UPGRADING to amulet "Miviaxe" {RegenMP rF++ rCorr
                  | Int+4 Dex-5}.
 27322 | D:13     | 27322 ||| READING scroll labelled QOILEC TOLEG.
 27346 | D:14     | 27346 ||| STAIRDANCE
 27359 | D:14     | 27359 ||| STAIRDANCE
 27484 | D:14     | Found Zoach's Blood Bar.
 27835 | D:14     | 27835 ||| Stepping ~*~*~tactically~*~*~ (cloud).
 27842 | D:14     | 27842 ||| Stepping ~*~*~tactically~*~*~ (hiding).
 27843 | D:14     | 27843 ||| Stepping ~*~*~tactically~*~*~ (hiding).
 27844 | D:14     | 27844 ||| INVOKING Brothers in Arms.
 27845 | D:14     | 27845 ||| INVOKING Brothers in Arms.
 27846 | D:14     | 27846 ||| INVOKING Berserk.
 28167 | D:14     | Reached XP level 15. HP: 147/147 MP: 14/14
 28196 | D:14     | 28196 ||| FLEEEEING.
 28448 | D:14     | Identified the +3 leather armour of Impermeability {Int+4}
 28498 | D:14     | 28498 ||| Stepping ~*~*~tactically~*~*~ (hiding).
 28815 | D:14     | 28815 ||| UPGRADING to +2 buckler.
 28825 | D:14     | 28825 ||| DROPPING +0 buckler.
 28849 | D:15     | Entered Level 15 of the Dungeon
 28931 | D:15     | 28931 ||| INVOKING Berserk.
 28937 | D:15     | Reached skill level 18 in Axes
 28940 | D:15     | Found a staircase to the Depths.
 29103 | D:15     | 29103 ||| INVOKING Trog's Hand.
 29107 | D:15     | 29107 ||| INVOKING Berserk.
 29758 | D:15     | 29758 ||| INVOKING Brothers in Arms.
 29760 | D:15     | 29760 ||| SWAPPING to +1 demon whip of venom.
 29762 | D:15     | 29762 ||| INVOKING Berserk.
 29786 | D:15     | 29786 ||| SWAPPING to +8 mithril axe "Arga" {speed, Will+}.
 30202 | D:15     | 30202 ||| INVOKING Berserk.
 30351 | D:15     | 30351 ||| PLANNING ORC
 30351 | D:15     | 30351 ||| DRINKING 2 blue potions.
 30455 | D:15     | 30455 ||| DROPPING potion of berserk rage.
 30563 | Orc:1    | Entered Level 1 of the Orcish Mines
 30564 | Orc:1    | 30564 ||| INVOKING Trog's Hand.
 30566 | Orc:1    | 30566 ||| INVOKING Berserk.
 30784 | Orc:1    | 30784 ||| INVOKING Trog's Hand.
 30786 | Orc:1    | 30786 ||| INVOKING Berserk.
 31012 | Orc:1    | 31012 ||| READING scroll of enchant armour.
 31012 | Orc:1    | 31012 ||| ENCHANTING +1 pair of boots.
 31102 | Orc:2    | Entered Level 2 of the Orcish Mines
 31102 | Orc:2    | Found Fual's Antique Armour Shop.
 31119 | Orc:2    | 31119 ||| Stepping ~*~*~tactically~*~*~ (hiding).
 31123 | Orc:2    | 31123 ||| Stepping ~*~*~tactically~*~*~ (hiding).
 31124 | Orc:2    | 31124 ||| Stepping ~*~*~tactically~*~*~ (hiding).
 31140 | Orc:2    | Reached skill level 18 in Fighting
 31146 | Orc:2    | 31146 ||| INVOKING Berserk.
 31213 | Orc:2    | Found a staircase to the Elven Halls.
 31412 | Orc:2    | 31412 ||| Stepping ~*~*~tactically~*~*~ (hiding).
 31413 | Orc:2    | 31413 ||| Stepping ~*~*~tactically~*~*~ (hiding).
 31414 | Orc:2    | 31414 ||| Stepping ~*~*~tactically~*~*~ (hiding).
 31415 | Orc:2    | 31415 ||| Stepping ~*~*~tactically~*~*~ (hiding).
 31416 | Orc:2    | 31416 ||| Stepping ~*~*~tactically~*~*~ (hiding).
 31421 | Orc:2    | 31421 ||| INVOKING Trog's Hand.
 31435 | Orc:2    | Noticed an orc warlord
 31435 | Orc:2    | 31435 ||| INVOKING Brothers in Arms.
 31436 | Orc:2    | 31436 ||| INVOKING Berserk.
 31465 | Orc:2    | Killed an orc warlord
 31466 | Orc:2    | Reached skill level 9 in Throwing
 31466 | Orc:2    | HP: 45/223 [orc priest/divine providence (12)]
 31469 | Orc:2    | HP: 18/223 [orc priest/divine providence (14)]
 31475 | Orc:2    | HP: 7/223 [orc high priest/divine providence (14)]
 31480 | Orc:2    | HP: 1/223 [orc high priest/+1 vorpal mace (9)]
 31480 | Orc:2    | Slain by an orc high priest

Levels and vault maps discovered:
D:1:      scummos_arrival_star, layout_basic, minmay_pentomino_q4
D:2:      layout_basic, nicolae_ecumenical_snake_handling
D:3:      layout_basic, mainiacjoe_overflow_concentric_impassable,
          minmay_unequal, uniq_grinder, uniq_ijyb, uniq_robin
D:4:      layout_basic, mainiacjoe_overflow_alcove_1,
          minmay_temple_entry_gardened_gates
D:5:      layout_basic, mainiacjoe_overflow_two_lobes, uniq_eustachio
D:6:      layout_cave_pools, serial_shops, kennysheep_mini,
          hangedman_decor_opposing
D:7:      layout_basic, minmay_misc_feat_pillars
D:8:      minmay_razor_zed, layout_basic, general_overflow_altar,
          serial_demonic, serial_demonic_b, serial_demonic_c, serial_demonic_g,
          serial_demonic_b
D:9:      layout_basic, mainiacjoe_overflow_tiny_flanked,
          nicolae_wu_jian_wuxing_cycle, dreamdust_mushroom_princess,
          st_stairs_8, uniq_joseph, uniq_erolcha
D:10:     layout_long_grid, nicolae_overflow_hidden_temple,
          vehumet_altar_wand_db, due_lair_maze_entry_diamond, hiddenorc2_lemuel,
          trove_entry_hex_spiral, grunt_ministairs_2
D:11:     minmay_cornered_nines, layout_loops_ring,
          portal_ice_cave_entry_animals_and_master,
          gammafunk_ghost_nasty_kobolds, hex_tiny, uniq_snorg
D:12:     layout_irregular_city
D:13:     layout_gridville, grunt_vaults_entry_tiered, grunt_livestock,
          minmay_holes
D:14:     layout_roguey, guppyfry_shop_blood
D:15:     gammafunk_depths_entry_grave, layout_irregular_city,
          lemuel_flamethrower_3
Lair:1:   layout_big_grid, basic_altar, serial_bayou_shore_a,
          uniq_prince_ribbit2, uniq_amaemon, uniq_grum, uniq_harold
Lair:2:   layout_misc_corridors, shoals_dummy_entry,
          nicolae_spider_entry_tight_spaces, gammafunk_ghost_necromancy
Lair:3:   layout_regular_city, cheibrodos_lair_caveside_slide,
          grunt_forest_small_clearing_treed
Lair:4:   layout_regular_city, slime_entry_1, st_stairs_4, grunt_megastairs_5,
          infiniplex_staircase_pool_2, lemuel_fruit_tree
Lair:5:   cheibrodos_lair_end_hotspot, layout_layer_cave, serial_bayou_shore_b
Orc:1:    layout_caves, library_closet
Orc:2:    st_orc_congregation, layout_caves, serial_shops,
          nicolae_shop_hallway_stairs

Skill      XL: |  1  2  3  4  5  6  7  8  9 10 11 12 13 14 15 |
---------------+----------------------------------------------+-----
Axes           | 4 5 8 9 10 12 14 16 17 18 | 18.0
Fighting       | 4 5 7 8 9 12 13 15 17 18 | 18.0
Armour         | 3 4 6 7 9 10 12 14 | 14.4
Throwing       | 2 6 9 |  9.0
Dodging        | 3 5 7 8 9 10 | 10.0
Shields        | 8 10 11 | 11.0

Action                   |  1- 3 |  4- 6 |  7- 9 | 10-12 | 13-15 || total
-------------------------+-------+-------+-------+-------+-------++-------
Melee: Hand axe          |    66 |   100 |   308 |    17 |       ||   491
       Headbutt          |     6 |     7 |    50 |   120 |   223 ||   406
       Punch             |     1 |       |     1 |     2 |       ||     4
       War axe           |       |       |       |   520 |   519 ||  1039
       Morningstar       |       |       |       |    17 |       ||    17
       Demon whip        |       |       |       |       |    39 ||    39
       Broad axe         |       |       |       |       |   322 ||   322
Throw: Boomerang         |       |    19 |    56 |    75 |   165 ||   315
       Javelin           |       |       |       |    24 |    30 ||    54
Invok: Berserk           |     4 |     7 |    10 |    24 |    29 ||    74
       Trog's Hand       |     1 |       |       |     1 |     4 ||     6
       Brothers in Arms  |       |       |       |     1 |     7 ||     8
  Use: Scroll            |     7 |       |    11 |     2 |     6 ||    26
       Potion            |       |       |     6 |       |     1 ||     7
 Stab: Distracted        |       |       |       |     2 |       ||     2
Armor: Animal skin       |    11 |       |       |       |       ||    11
       Leather armour    |       |    13 |       |       |       ||    13
       Chain mail        |       |    23 |   148 |   216 |   235 ||   622
Dodge: Dodged            |    42 |    44 |   116 |   247 |   265 ||   714
Block: Buckler           |       |       |       |    32 |   181 ||   213

Table legend:
 A = Non-vault XP
 B = Vault XP
 C = Vault XP percentage of total XP
 D = Non-vault monster count
 E = Vault monster count
 F = Vault count percentage of total count
                 A         B        C        D         E       F
            +---------+---------+-------+---------+---------+-------
      Total |   92772 |   45873 |  33.1 |     474 |     245 |  34.1
            +---------+---------+-------+---------+---------+-------
        D:1 |      34 |       5 |  12.8 |      20 |       3 |  13.0
        D:2 |      29 |       6 |  17.1 |       8 |       3 |  27.3
        D:3 |      53 |     361 |  87.2 |      11 |      18 |  62.1
        D:4 |     337 |       0 |   0.0 |      27 |       0 |   0.0
        D:5 |     374 |     185 |  33.1 |       6 |       1 |  14.3
        D:6 |     749 |       0 |   0.0 |      18 |       0 |   0.0
        D:7 |    1321 |       8 |   0.6 |      27 |       1 |   3.6
        D:8 |    3089 |    1291 |  29.5 |      45 |      21 |  31.8
        D:9 |    1824 |    1679 |  47.9 |      24 |       4 |  14.3
       D:10 |    2211 |    1768 |  44.4 |      14 |      41 |  74.5
       D:11 |    5281 |    5476 |  50.9 |      28 |      12 |  30.0
       D:12 |    4987 |       0 |   0.0 |      19 |       0 |   0.0
       D:13 |    9591 |    9574 |  50.0 |      17 |      30 |  63.8
       D:14 |   12900 |     844 |   6.1 |      25 |       5 |  16.7
       D:15 |   10047 |    5360 |  34.8 |      20 |       8 |  28.6
     Lair:1 |    4456 |    3415 |  43.4 |      19 |      10 |  34.5
     Lair:2 |    7192 |    2480 |  25.6 |      28 |      12 |  30.0
     Lair:3 |    9498 |       0 |   0.0 |      31 |       0 |   0.0
     Lair:4 |    3310 |     596 |  15.3 |      13 |       3 |  18.8
     Lair:5 |    9844 |    4906 |  33.3 |      30 |      23 |  43.4
      Orc:1 |    3474 |       0 |   0.0 |      24 |       0 |   0.0
      Orc:2 |    2171 |    7919 |  78.5 |      20 |      50 |  71.4
            +---------+---------+-------+---------+---------+-------
